 Dungeon Crawl Stone Soup version 0.20.0-15-g7f486f2 (console) character file.

63 bli the Skirmisher (level 4, -1/29 HPs)
             Began as a Gargoyle Monk on June 28, 2017.
             Slain by a gnoll
             ... wielding a +0 flail
              (11 damage)
             ... on level 2 of the Dungeon.
             The game lasted 00:05:58 (1155 turns).

bli the Skirmisher (Gargoyle Monk)                  Turns: 1155, Time: 00:05:58

Health: -1/29      AC:  6    Str: 15    XL:     4   Next: 9%
Magic:  4/4        EV: 13    Int: 10    God:
Gold:   58         SH:  0    Dex: 13    Spells: 3/3 levels left

rFire    . . .     SeeInvis .   x - -1 flail (curse)
rCold    . . .     Gourm    .   (no shield)
rNeg     + . .     Faith    .   b - +0 robe
rPois    ∞         Spirit   .   s - +0 helmet
rElec    +         Reflect  .   (no cloak)
rCorr    .         Harm     .   (no gloves)
MR       .....                  (no boots)
Stlth    ++........             y - amulet of regeneration
Regen    0.5/turn               (no ring)
MPRegen  0.1/turn               (no ring)

@: no status effects
A: negative energy resistance 1, electricity resistance, unbreathing,
petrification resistance, rot immunity, AC +3
a: no special abilities


You were on level 2 of the Dungeon.
You were not hungry.

You visited 1 branch of the dungeon, and saw 2 of its levels.

You collected 58 gold pieces.

Inventory:

Hand Weapons
 a - a +0 mace
 x - a cursed -1 flail (weapon)
Missiles
 e - 69 stones (quivered)
Armour
 b - a +0 robe (worn)
 h - a +0 ring mail
 m - a +0 chain mail
 r - a +0 scale mail
 s - a +0 helmet (worn)
Jewellery
 y - an amulet of regeneration (around neck)
Scrolls
 d - a scroll of immolation {unknown}
 g - 4 scrolls of identify
 k - a scroll of random uselessness {unknown}
 n - a scroll of recharging
 o - 3 scrolls of enchant armour
 t - a scroll of noise {unknown}
 u - a scroll of fear {unknown}
 v - 2 scrolls of remove curse {unknown}
Potions
 f - a potion of degeneration {unknown}
 i - a potion of cancellation {unknown}
 j - a potion of heal wounds {unknown}
 q - a potion of flight {unknown}
Comestibles
 c - 2 bread rations
 l - a royal jelly
 p - a fruit
 w - a meat ration
 z - 2 chunks of flesh


   Skills:
 * Level 4.1 Fighting
 + Level 3.7 Maces & Flails
 + Level 2.7 Dodging
 + Level 2.5 Stealth


You had 3 spell levels left.
You didn't know any spells.

Dungeon Overview and Level Annotations

Branches:
Dungeon (2/15)

Altars:


Innate Abilities, Weirdness & Mutations

You are resistant to torment.
Your stone body is resilient. (AC +3)
You are immune to poison.
You resist negative energy. (rN+)
You are resistant to electric shocks. (rElec)
You can survive without breathing.
You are immune to petrification.
You are immune to rotting.


Message History

You hit the gnoll.
You kill the gnoll!
You have reached level 4!
You feel stronger.
You barely miss the gnoll. The gnoll barely misses you.
You barely miss the gnoll. The gnoll hits you with a flail.
You closely miss the gnoll. The gnoll hits you with a flail!
You hit the gnoll.
The gnoll is lightly wounded.
The gnoll closely misses you.
You hit the gnoll.
The gnoll is moderately wounded.
The gnoll misses you.
You completely miss the gnoll.
The gnoll is moderately wounded.
The gnoll hits you with a flail.
You barely miss the gnoll.
The gnoll is moderately wounded.
The gnoll hits you with a flail!
You die...

#.......###.#
###.........#
#.....#####
#..#.##
#..#.# #..#.#
...#>######
##.##......#
#. ######.#
#.# #@# #g#
#g# #.# ..#
###


You could see 2 gnolls.

Vanquished Creatures
  2 gnolls (D:2)
  A worm (D:2)
  4 bats
  5 giant cockroaches
  6 goblins
  3 hobgoblins
  4 jackals (D:1)
  9 kobolds
  2 rats (D:1)
36 creatures vanquished.

Notes
Turn   | Place    | Note
-------+----------+-------------------------------------------
     0 | D:1      | bli the Gargoyle Monk began the quest for the Orb.
     0 | D:1      | Reached XP level 1. HP: 14/14 MP: 1/1
   144 | D:1      | Reached XP level 2. HP: 19/19 MP: 2/2
   666 | D:2      | Reached XP level 3. HP: 22/24 MP: 3/3
   933 | D:2      | Reached skill level 4 in Fighting
  1148 | D:2      | Reached XP level 4. HP: 18/29 MP: 4/4
  1155 | D:2      | Slain by a gnoll

Skill      XL: |  1  2  3 |
---------------+----------+-----
Fighting       | 4 |  4.1
Maces & Flails | |  3.7
Dodging        | |  2.7
Stealth        | |  2.5

Action                   |  1- 3 |  4- 6 || total
-------------------------+-------+-------++-------
Melee: Mace              |    49 |       ||    49
       Flail             |    74 |     7 ||    81
  Use: Scroll            |     2 |       ||     2
 Stab: Sleeping          |     3 |       ||     3
       Distracted        |     1 |       ||     1
  Eat: Chunk             |     1 |       ||     1
Armor: Robe              |    43 |       ||    43
Dodge: Dodged            |   102 |     3 ||   105
